 Dungeon Crawl Stone Soup version 0.13.0 (webtiles) character file.

411 stingray the Ruffian (level 6, -5/35 HPs)
             Began as a Gargoyle Skald on Oct 12, 2013.
             Splashed by a jelly's acid (9 damage)
             ... on Level 3 of the Dungeon.
             The game lasted 00:21:46 (4054 turns).

stingray the Ruffian (Gargoyle Skald)               Turns: 4054, Time: 00:21:46

HP  -5/35        AC  6     Str 15      XL: 6   Next: 18%
MP  11/11        EV 10     Int 15      God:
Gold 150         SH  0     Dex  9      Spells:  5 memorised,  1 level left

Res.Fire  : + . .   See Invis. : .     - Unarmed
Res.Cold  : . . .   Warding    : .   b - -1 leather armour
Life Prot.: + . .   Conserve   : .   (no shield)
Res.Poison: +       Res.Corr.  : .   (no helmet)
Res.Elec. : +       Clarity    : .   h - -1 orc cloak
Sust.Abil.: . .     Spirit.Shd : .   (no gloves)
Res.Mut.  : .       Stasis     : .   (no boots)
Res.Rott. : +       Flight     : .   (no amulet)
Saprovore : . . .                    l - ring of protection from fire
                                     w - ring of wizardry

@: slightly resistant to hostile enchantments, very unstealthy
A: fangs 1, talons 2, life protection 1, electricity resistance, slow metabolism
1, unbreathing, petrification resistance, AC +4
a: no special abilities


You were on level 3 of the Dungeon.
You were not hungry.

You visited 1 branch of the dungeon, and saw 4 of its levels.

You collected 130 gold pieces.

Inventory:

Missiles
 j - 39 stones (quivered)
 p - 8 javelins
Armour
 b - a -1 leather armour (worn)
 h - a -1 orcish cloak (worn)
Comestibles
 d - 3 bread rations
 i - a choko
 q - 2 meat rations
 t - a beef jerky
 v - a sausage
Scrolls
 e - 3 scrolls of identify
 f - 4 scrolls of remove curse {unknown}
 g - 3 scrolls of enchant armour {unknown}
 k - a scroll of fear {unknown}
 n - a scroll of curse jewellery {unknown}
 r - a scroll of amnesia {unknown}
 u - a scroll of fog {unknown}
Jewellery
 l - a ring of protection from fire (right hand)
 w - a ring of wizardry (left hand)
Potions
 m - a potion of curing
 o - a potion of restore abilities
 s - a potion of heal wounds
Books
 a - a book of Party Tricks

   Spells                             Type                      Level
   *Summon Butterflies                Summoning                    1
   Apportation                        Translocation                1
   *Blink                             Translocation                2
   Alistair's Intoxication            Transmutation/Poison         4
   Tukima's Dance                     Hexes                        5
 c - a book of Battle

   Spells                             Type                      Level
   *Infusion                          Charms                       1
   *Shroud of Golubria                Charms/Translocation         2
   *Song of Slaying                   Charms                       2
   Spectral Weapon                    Hexes/Charms                 3
   Regeneration                       Charms/Necromancy            3
   Song of Shielding                  Charms                       4


   Skills:
 - Level 2.1 Fighting
   Level 2.1 Maces & Flails
 - Level 1.1 Armour
 - Level 0.7 Dodging
 * Level 6.4 Unarmed Combat
 - Level 2.0 Spellcasting
 - Level 2.6 Charms


You had one spell level left.
You knew the following spells:

 Your Spells              Type           Power        Failure   Level  Hunger
a - Song of Slaying       Chrm           #.........   4%          2    ###....
q - Shroud of Golubria    Chrm/Tloc      #.........   8%          2    ###....
s - Infusion              Chrm           #.....       3%          1    #......
v - Blink                 Tloc           N/A          13%         2    ###....
z - Summon Butterflies    Summ           #.......     8%          1    #......


Dungeon Overview and Level Annotations

Branches:
Dungeon (4/27)
 Temple: D:4-7

Altars:
Kikubaaqudgha


Innate Abilities, Weirdness & Mutations

You are resistant to torment.
You are immune to poison.
Your stone body is very resilient (AC +4).
You have very sharp teeth.
You have razor-sharp toenails.
You resist negative energy.
You are resistant to electric shocks.
You have a slow metabolism.
You can survive without breathing.
You are immune to petrification.


Message History

You hear a slurping noise.
There is an open door here.
You see here an adder skeleton.
You hear a slurping noise.
There is an open door here.
The jelly closely misses you. The jelly hits you.
You are splashed with acid!
The acid burns!
There is an open door here.
There is an open door here.
There is an open door here.
There is an escape hatch in the ceiling here.
The jelly hits you.
You are splashed with acid!
The acid burns!
* * * LOW HITPOINT WARNING * * *
A mysterious force pulls you upwards. The hatch slams shut behind you.
The jelly hits you.
* * * LOW HITPOINT WARNING * * *
You are splashed with acid!
The acid corrodes your +0 orcish cloak!
The acid corrodes your +0 leather armour!
The acid burns!
You die...

######### #.......##########
#.#####.##.......#
############....@..##.#####.##
#.....).##.....J.........#...##
#.#####)##.#.##.##.##.##..###.##
#.#####)##.#....##.##.##..#.#..#
#.##...............##....#.⌠.#.#
#.##.##.##.#.##.##.#####..#.#..#
#.......##.#.......# ###..###.##
####...<.#......#### #)%.#...##
#........##.......# #.#######


You could see a jelly.

Vanquished Creatures
  2 orc wizards (D:3)
  A worker ant (D:4)
  A hound skeleton (D:4)
  8 adders
  5 giant geckos
  4 oozes
  9 orcs
  A ball python (D:4)
  5 goblins
  9 hobgoblins
  6 kobolds
  3 quokkas
  7 bats
  4 giant cockroaches
  14 giant newts
  4 jackals (D:3)
  6 rats
89 creatures vanquished.

Notes
Turn   | Place    | Note
--------------------------------------------------------------
     0 | D:1      | stingray, the Gargoyle Skald, began the quest for the Orb.
     0 | D:1      | Reached XP level 1. HP: 12/12 MP: 3/3
    99 | D:1      | Reached skill level 1 in Unarmed Combat
   139 | D:1      | Reached XP level 2. HP: 16/16 MP: 5/5
   649 | D:1      | Reached XP level 3. HP: 15/20 MP: 6/6
   653 | D:1      | Learned a level 2 spell: Song of Slaying
   656 | D:1      | Learned a level 2 spell: Shroud of Golubria
  1148 | D:2      | Reached skill level 3 in Unarmed Combat
  1580 | D:2      | Reached skill level 4 in Unarmed Combat
  1580 | D:2      | Reached XP level 4. HP: 23/26 MP: 1/8
  2618 | D:3      | Reached skill level 5 in Unarmed Combat
  2618 | D:3      | Reached XP level 5. HP: 9/30 MP: 2/9
  2807 | D:3      | Found an ancient bone altar of Kikubaaqudgha.
  3765 | D:4      | Reached skill level 6 in Unarmed Combat
  3765 | D:4      | Reached XP level 6. HP: 24/35 MP: 2/11
  3850 | D:4      | Learned a level 1 spell: Summon Butterflies
  3853 | D:4      | Learned a level 2 spell: Blink
  4054 | D:3      | Splashed by a jelly's acid

Action                   |  1- 3 |  4- 6 || total
-------------------------+-------+-------++-------
Melee: Mace              |    58 |       ||    58
       Unarmed           |    29 |   199 ||   228
Throw: Stone             |       |     1 ||     1
 Cast: Infusion          |     9 |    11 ||    20
       Song of Slaying   |     4 |     6 ||    10
       Shroud of Golubri |     2 |     7 ||     9
  Use: Potion            |       |     3 ||     3
       Scroll            |       |     1 ||     1
